 Dungeon Crawl Stone Soup version 0.24-a0-417-g1cce26a4d2 (webtiles) character file.

Game seed: 15729593109961254129

63 Avack the Scratcher (level 3, -8/17 HPs)
             Began as a Felid Chaos Knight on June 10, 2019.
             Was a Plaything of Xom.
             Killed from afar by a wretched star (23 damage)
             ... with an orb of energy
             ... on level 1 of the Abyss.
             The game lasted 00:06:21 (3690 turns).

Avack the Scratcher (Felid Chaos Knight)            Turns: 3690, Time: 00:06:22

Health: -8/17      AC:  1    Str:  8      XL:     3   Next: 89%
Magic:  4/4        EV: 19    Int: 13      God:    Xom [....*.]
Gold:   73         SH:  0    Dex: 15 (16) Spells: 2/2 levels left
                                        Lives:  0   Deaths: 1

rFire    . . .     SeeInvis +     - Unarmed
rCold    . . .     Gourm    .   (shield unavailable)
rNeg     + . .     Faith    .   (armour unavailable)
rPois    .         Spirit   .   (helmet unavailable)
rElec    .         Reflect  .   (cloak unavailable)
rCorr    .         Harm     .   (gloves unavailable)
MR       .....     Rnd*Rage +   (boots unavailable)
Stlth    +++.......             (no amulet)
HPRegen  0.05/turn              k - ring of positive energy
MPRegen  0.09/turn              (no ring)

@: quick
A: very small, no armour, no weapons or thrown items, stealth, antennae 1, claws
1, fangs 3, see invisible, [berserk 2], carnivore, [deterioration 2], speed 1,
shaggy fur 1, slow metabolism 1, sharp paws
a: Renounce Religion


You were on level 1 of the Abyss.
You worshipped Xom.
You were a beloved toy of Xom.
You were completely stuffed.

You visited 1 branch of the dungeon, and saw 3 of its levels.
You visited the Abyss 1 time.

You collected 73 gold pieces.

Inventory:

Jewellery
 k - a ring of positive energy (left paw)
 l - an uncursed ring of fire
Scrolls
 m - 2 scrolls of fog
Potions
 b - a potion of degeneration {unknown}
 c - 2 potions of agility
 d - a potion of haste
 e - a potion of cancellation {unknown}
 f - a potion of ambrosia {unknown}
 g - 3 potions of heal wounds
 h - 3 potions of lignification {unknown}
 i - a potion of curing {unknown}
Comestibles
 a - 7 rations
 j - 5 chunks of flesh


   Skills:
 - Level 3.5 Fighting
 - Level 3.9 Dodging
 * Level 3.4 Stealth
 * Level 4.1 Unarmed Combat


You had 2 spell levels left.
You didn't know any spells.
Your spell library was empty.

Dungeon Overview and Level Annotations

Branches:
Dungeon (3/15)

Altars:
Makhleb
Uskayaw


Innate Abilities, Weirdness & Mutations

You cannot wear armour.
You are incapable of wielding weapons or throwing items.
Your paws allow you to move quietly. (Stealth)
You have sharp claws.
You have razor-sharp teeth.
You have supernaturally acute eyesight. (SInv)
You are carnivorous and can eat meat at any time.
You cover ground quickly.
You are covered in fur. (AC +1)
You have a slow metabolism.
Your sharp claws are effective at attacking unaware monsters.
You have a pair of small antennae on your head.
[You often lose your temper in combat.]
[Your body often deteriorates upon taking damage.]


Message History

You see here 19 poisoned darts.
You are now a beloved toy of Xom.
h - 2 fizzy brown potions (gained 1)
Found 17 gold pieces.
Found a fizzy brown potion.
You feel less stealthy.
Found 22 gold pieces.
Found a gateway leading deeper into the Abyss.
A wretched star comes into view.
You see here a fizzy brown potion.
h - 3 fizzy brown potions (gained 1)
The wretched star pulses with an eldritch light!
You feel yourself wasting away.
You feel your body start to fall apart.
The wretched star pulses with an eldritch light!
You feel a little pissed off.
You feel angry.
The wretched star glows turbulently.
The orb of energy hits you!!
Ouch! That really hurt!
You die...
Xom howls with laughter!

#. ...$.......#
..............# ##
#.............##..
............. ..
##.#........... {
##... ...##...####
#.. .....##...#..#
.................#
# ...........@#.##
##............#.#
# . .........###
#............#
#...........*.#
.........##...#
#........##...#
..>.. ..$.#


You could see a wretched star.

Vanquished Creatures
  A gnoll (D:1)
  3 adders
  An ooze (D:1)
  3 worms
  A dart slug (D:1)
  A leopard gecko (D:2)
  2 ball pythons
  3 bats
  8 giant cockroaches
  9 hobgoblins
  6 jackals (D:3)
  8 kobolds
  A quokka (D:3)
  6 frilled lizards
  8 goblins
  12 rats
73 creatures vanquished.

Notes
Turn   | Place    | Note
-------+----------+-------------------------------------------
     0 | D:1      | Avack the Felid Chaos Knight began the quest for the Orb.
     0 | D:1      | Reached XP level 1. HP: 10/10 MP: 2/2
    37 | D:1      | XOM: silly message
    51 | D:1      | XOM: divination: magic mapping
   104 | D:1      | XOM: butterfly on damage
   286 | D:1      | XOM: silly message
   289 | D:1      | XOM: potion effect (brilliance)
   292 | D:1      | Reached XP level 2. HP: 8/14 MP: 3/3
  1020 | D:1      | XOM is BORED!
  1020 | D:1      | XOM: noise
  1022 | D:1      | Reached skill level 1 in Stealth
  1073 | D:1      | XOM: noise
  1440 | D:1      | XOM: divination: detect items
  1491 | D:2      | Reached XP level 3. HP: 17/17 MP: 4/4
  1516 | D:2      | XOM: give mutation
  1516 | D:2      | Gained mutation: You have a pair of small antennae on your
                  | head. [Xom's grace]
  1742 | D:2      | Found a hide-covered altar of Uskayaw.
  1745 | D:2      | XOM is BORED!
  1745 | D:2      | XOM: summons 2 hostile shadow creatures
  1833 | D:2      | XOM: give mutations
  2441 | D:2      | Found a burning altar of Makhleb.
  2447 | D:2      | XOM: butterfly on damage
  2658 | D:2      | XOM: fog
  2674 | D:2      | Reached XP level 4. HP: 19/21 MP: 5/5
  2869 | D:2      | XOM: potion effect (brilliance)
  2873 | D:2      | XOM: harmless Necr miscast
  3148 | D:3      | XOM: noise
  3299 | D:3      | Reached skill level 4 in Unarmed Combat
  3345 | D:3      | XOM: 6-stop teleportation journey
  3358 | D:3      | XOM: noise
  3408 | D:3      | Slain by a quokka
  3409 | D:3      | Reached XP level 3. HP: -1/17 MP: 4/4
  3551 | D:3      | XOM: summons 1 hostile demon
  3613 | D:3      | XOM: harmless Ice miscast
  3645 | D:3      | XOM: medium Tloc miscast
  3645 | D:3      | Cast into level 1 of the Abyss (the capriciousness of Xom)
  3645 | Abyss:1  | XOM: stealth player
  3650 | Abyss:1  | Noticed an efreet
  3684 | Abyss:1  | Noticed a wretched star
  3690 | Abyss:1  | Killed from afar by a wretched star

Levels and vault maps discovered:
D:1:      roderic_crop_circles_arrival_small, layout_loops_ring
D:2:      layout_loops_ring, nicolae_overflow_hidden_temple, marbit_many_paths
D:3:      layout_basic
Abyss:1

Skill      XL: |  1  2  3  4 |
---------------+-------------+-----
Stealth        | 1 2 3 |  3.4
Unarmed Combat | 4 |  4.1
Fighting       | |  3.5
Dodging        | |  3.9

Action                   |  1- 3 |  4- 6 || total
-------------------------+-------+-------++-------
Melee: Unarmed           |   148 |    87 ||   235
       Bite              |    10 |     7 ||    17
       Punch             |       |     1 ||     1
  Use: Scroll            |     5 |     2 ||     7
 Stab: Sleeping          |    12 |     5 ||    17
  Eat: Chunk             |    17 |     1 ||    18
Armor: Skin              |     4 |     2 ||     6
Dodge: Dodged            |   117 |    57 ||   174

Table legend:
 A = Non-vault XP
 B = Vault XP
 C = Vault XP percentage of total XP
 D = Non-vault monster count
 E = Vault monster count
 F = Vault count percentage of total count
                 A         B        C        D         E       F
            +---------+---------+-------+---------+---------+-------
      Total |     180 |       1 |   0.6 |      72 |       1 |   1.4
            +---------+---------+-------+---------+---------+-------
        D:1 |      52 |       0 |   0.0 |      21 |       0 |   0.0
        D:2 |      63 |       1 |   1.6 |      29 |       1 |   3.3
        D:3 |      65 |       0 |   0.0 |      22 |       0 |   0.0
            +---------+---------+-------+---------+---------+-------
